 Dungeon Crawl Stone Soup version 0.24.0-29-g8ce449bc06 (webtiles) character file.

Game seed: 2266835835172331751, levelgen mode: deterministic

65 Flugslaktarn the Covered (level 3, -12/34 HPs)
             Began as a Deep Dwarf Fighter on Nov 14, 2019.
             Mangled by an ogre
             ... wielding a +0 giant club
              (18 damage)
             ... on level 4 of the Dungeon.
             The game lasted 00:00:24 (293 turns).

Flugslaktarn the Covered (Deep Dwarf Fighter)        Turns: 293, Time: 00:00:24

Health: -12/34     AC:  7    Str: 20    XL:     3   Next: 92%
Magic:  3/3        EV:  7    Int:  8    God:
Gold:   15         SH:  9    Dex: 12    Spells: 2/2 levels left

rFire    . . .     SeeInvis .   a - +0 war axe
rCold    . . .     Gourm    .   c - +0 shield
rNeg     . . .     Faith    .   b - +0 scale mail
rPois    .         Spirit   .   (no helmet)
rElec    .         Reflect  .   (no cloak)
rCorr    .         Harm     .   (no gloves)
MR       .....                  (no boots)
Stlth    ..........             (no amulet)
HPRegen  0.00/turn              (no ring)
MPRegen  0.08/turn              (no ring)

@: non-regenerating
A: damage resistance, heal wounds, sense surroundings 1, no regeneration
a: Heal Wounds


You were on level 4 of the Dungeon.
You were not hungry.

You visited 1 branch of the dungeon, and saw 4 of its levels.

You collected 15 gold pieces.

Inventory:

Hand Weapons
 a - a +0 war axe (weapon)
Armour
 b - a +0 scale mail (worn)
 c - a +0 shield (worn)
Wands
 v - a wand of digging (2)
   (You took it off Ijyb on level 3 of the Dungeon)
Scrolls
 f - 2 scrolls of teleportation {unknown}
 i - 2 scrolls of remove curse {unknown}
Potions
 d - a potion of might
 h - 2 potions of heal wounds {unknown}
Comestibles
 e - 2 rations
 g - 11 chunks of flesh


   Skills:
 + Level 3.1 Fighting
 * Level 3.4 Axes
 + Level 3.8 Armour
 + Level 3.7 Shields


You had 2 spell levels left.
You didn't know any spells.
Your spell library was empty.

Dungeon Overview and Level Annotations

Branches:
Dungeon (3/15)

Altars:


Innate Abilities, Weirdness & Mutations

You are resistant to damage.
You can heal yourself by infusing magical energy.
You passively map a small area around you.
You do not regenerate.


Message History

The ogre hits you with a +0 giant club!
* * * LOW HITPOINT WARNING * * *
You are too injured to fight recklessly!
You are too injured to fight recklessly!
You are too injured to fight recklessly!
You are too injured to fight recklessly!
You are too injured to fight recklessly!
You are too injured to fight recklessly!
You are too injured to fight recklessly!
You are too injured to fight recklessly!
You are too injured to fight recklessly!
You are too injured to fight recklessly!
You are too injured to fight recklessly!
You are too injured to fight recklessly!
You are too injured to fight recklessly!
Your shield and scale mail prevent you from hitting the ogre.
The ogre is almost dead.
The ogre hits you with a +0 giant club!!
Ouch! That really hurt!
You die...

**
#....##.........#
###.. #..
#.........# #...(
#,
#..............#.
,
#............###.
*
#....#####..#####
#...## ##.###.. *
, #...# #...... ,
, ,*###..##
##.#### ,,
#.@?..# *#.
#......O##.# *
#.......#*#.# *
,* ##......# #..
, , #......# #..
* * * #......#
,... # *
#..#...o# .. #.##
*..##..... , #...
, ###..


You could see an ogre and an orc.

Vanquished Creatures
  Ijyb (D:3)
  A gnoll (D:1)
  2 adder skeletons
  A dart slug (D:3)
  A leopard gecko (D:3)
  A giant cockroach (D:4)
  7 goblins
  2 hobgoblins (D:2)
  2 bats
  3 kobolds
  A rat (D:1)
22 creatures vanquished.

Notes
Turn   | Place    | Note
-------+----------+-------------------------------------------
     0 | D:1      | Flugslaktarn the Deep Dwarf Fighter began the quest for the
                  | Orb.
     0 | D:1      | Reached XP level 1. HP: 20/20 MP: 1/1
    26 | D:1      | Reached XP level 2. HP: 17/27 MP: 2/2
   193 | D:3      | Noticed Ijyb
   196 | D:3      | Reached XP level 3. HP: 16/33 MP: 3/3
   208 | D:3      | Killed Ijyb
   217 | D:3      | You fall into a shaft and drop 1 floor!
   288 | D:4      | Noticed an ogre
   293 | D:4      | Mangled by an ogre

Levels and vault maps discovered:
D:1:      lemuel_arrival_rhombus, layout_basic
D:2:      layout_loops_ring, kennysheep_cluttered_room,
          chequers_serial_rivers_micro_e, grunt_ministairs_10
D:3:      minmay_angry_zag, layout_loops_ring, uniq_ijyb
D:4:      layout_layer_cave

Skill      XL: |  1  2  3 |
---------------+----------+-----
Axes           | 3 |  3.4
Fighting       | 3 |  3.1
Armour         | |  3.8
Shields        | |  3.7

Action                   || total
-------------------------++-------
Melee: War axe           ||    54
 Abil: Heal Wounds       ||     1
Armor: Scale mail        ||    22
Dodge: Dodged            ||    18
Block: Shield            ||    30
